 Dungeon Crawl Stone Soup version 0.24.1-14-gf8d2b509d9 (webtiles) character file.

Game seed: 17323953607130764547, levelgen mode: deterministic

1647 Chiseanne the Covert (level 8, -1/37 HPs)
             Began as a Spriggan Assassin on May 28, 2020.
             Killed by divine providence
             ... invoked by an orc priest
              (11 damage)
             ... on level 6 of the Dungeon.
             The game lasted 00:26:11 (5690 turns).

Chiseanne the Covert (Spriggan Assassin)            Turns: 5690, Time: 00:26:11

Health: -1/37      AC:  3    Str:  7    XL:     8   Next: 67%
Magic:  9/9        EV: 27    Int: 12    God:
Gold:   332        SH:  0    Dex: 20    Spells: 7/7 levels left

rFire    . . .     SeeInvis +   a - +2 dagger (venom)
rCold    . . .     Gourm    .   (shield restricted)
rNeg     . . .     Faith    .   b - +0 robe
rPois    .         Spirit   .   (helmet restricted)
rElec    .         Reflect  .   c - +0 cloak
rCorr    .         Harm     .   (gloves unavailable)
MR       +....                  (boots unavailable)
Stlth    +++++.....             (no amulet)
HPRegen  0.12/turn              (no ring)
MPRegen  0.11/turn              (no ring)

@: very quick
A: very small, unfitting armour, see invisible, herbivore, speed 3, slow
metabolism 2
a: no special abilities


You were on level 6 of the Dungeon.
You were not hungry.

You visited 1 branch of the dungeon, and saw 8 of its levels.

You collected 332 gold pieces.

Inventory:

Hand Weapons
 a - a +2 dagger of venom (weapon)
 s - a +3 dagger
Missiles
 d - 31 poisoned darts (quivered)
 e - 2 curare-tipped darts {!*}
 g - 2 atropa-tipped darts
 i - 77 stones
 j - 26 bolts
 m - 44 arrows
 B - 7 boomerangs
Armour
 b - a +0 robe (worn)
 c - a +0 cloak (worn)
 q - a +0 buckler
Jewellery
 x - an uncursed amulet of the gourmand {unknown}
Wands
 r - a wand of random effects (6)
 A - a wand of enslavement (3)
Scrolls
 l - 2 scrolls of teleportation
 p - 2 scrolls of remove curse
 y - a scroll of amnesia {unknown}
 z - a scroll of identify
Potions
 h - 2 potions of invisibility
 k - 4 potions of lignification
 n - 3 potions of flight {unknown}
 o - 2 potions of curing
 t - 3 potions of might {unknown}
 u - 2 potions of brilliance {unknown}
 v - a potion of haste {unknown}
 w - a potion of agility {unknown}
Comestibles
 f - 7 rations


   Skills:
 - Level 1.5 Fighting
 + Level 5.7 Short Blades
 - Level 2.0 Throwing
 * Level 10.0 Dodging
 * Level 12.0 Stealth


You had 7 spell levels left.
You didn't know any spells.
Your spell library was empty.

Dungeon Overview and Level Annotations

Branches:
Dungeon (8/15)
 Temple: D:4-7         Lair: D:8-11

Altars:
Yredelemnul

Annotations:
D:5 Edmund, Grinder


Innate Abilities, Weirdness & Mutations

You are very small and have problems with some larger weapons.
You are too small for most types of armour.
You have supernaturally acute eyesight. (SInv)
You are a herbivore.
You cover ground extremely quickly.
You need to consume almost no food.


Message History

An orc comes into view. It is wielding a -3 falchion.
A jackal comes into view.
The orc warrior hits you but does no damage.
An orc wizard comes into view. It is wielding a +0 dagger.
The orc barely misses you.
The orc wizard mumbles some strange words.
The orc wizard flickers and vanishes for a moment.
The orc completely misses you. The orc misses you.
The jackal skeleton completely misses you.
The orc closely misses you.
The sentinel's mark upon you fades away.
The orc warrior throws a stone.
The stone hits you!
* * * LOW HITPOINT WARNING * * *
You see here a stone.
The worker ant waves its antennae.
An orc opens the door.
The orc priest mumbles some strange prayers to Beogh against you.
Beogh smites you!
You die...

* * * ###### *
######....# * #...##....#
****** #...##....# *,,,,,
#...#.....# *,****
#####@.(#.oo..# *,**##
#.....a.Zoo.h.# *,*,..
####.###...#.oo..###.#..<
#>.....o...'......h......
####..<#.###o....#####oo.
#.#........).##****,.o
#o#.#.########,,,,,,.5
#.#.#.#******,,,,,,,.,
#(#,,,,,,,,,*,,,,,,,*,


You could see an orc warrior, a worker ant, an orc priest, 4 orcs, a jackal and
a jackal skeleton.

Vanquished Creatures
  An orc warrior (D:7)
  3 sky beasts
  2 ogres
  A centaur (D:5)
  2 big kobolds (D:3)
  2 bullfrogs
  A howler monkey (D:5)
  5 hounds
  A jelly (D:6)
  An orc priest (D:4)
  Jessica (D:2)
  An iguana (D:4)
  4 orc wizards (D:7)
  4 worker ants
  2 hound zombies (D:5)
  2 hound skeletons
  8 adders
  2 oozes
  An adder zombie (D:7)
  An adder skeleton (D:6)
  2 worms
  4 dart slugs
  6 leopard geckos
  18 orcs
  2 ball pythons
  3 giant cockroaches
  6 goblins
  6 hobgoblins
  3 jackals (D:4)
  A quokka (D:2)
  2 bats
  5 frilled lizards
  9 kobolds
  A quokka zombie (D:5)
  2 rats
115 creatures vanquished.

Vanquished Creatures (collateral kills)
  An orc (D:8)
1 creature vanquished.

Vanquished Creatures (others)
  A bullfrog zombie (D:8)
  A hound (D:8)
  2 kobolds (D:8)
4 creatures vanquished.

Grand Total: 120 creatures vanquished

Notes
Turn   | Place    | Note
-------+----------+-------------------------------------------
     0 | D:1      | Chiseanne the Spriggan Assassin began the quest for the
                  | Orb.
     0 | D:1      | Reached XP level 1. HP: 10/10 MP: 2/2
    32 | D:1      | Reached skill level 6 in Stealth
   112 | D:1      | Reached XP level 2. HP: 10/14 MP: 3/3
   636 | D:2      | Reached XP level 3. HP: 18/18 MP: 4/4
   797 | D:2      | Noticed Jessica
   802 | D:2      | Killed Jessica
   802 | D:2      | Reached skill level 7 in Stealth
   802 | D:2      | Reached XP level 4. HP: 22/22 MP: 5/5
  1012 | D:2      | Talonman3: yo
  1017 | D:2      | Chiseanne: they
  1017 | D:2      | Chiseanne: hey
  1017 | D:2      | Chiseanne: -t
  1416 | D:4      | Noticed an ogre
  1449 | D:4      | Killed an ogre
  1449 | D:4      | Reached skill level 5 in Dodging
  1449 | D:4      | Reached skill level 8 in Stealth
  1449 | D:4      | Reached XP level 5. HP: 25/25 MP: 6/6
  2096 | D:4      | Reached XP level 6. HP: 30/30 MP: 7/7
  2353 | D:5      | Entered Level 5 of the Dungeon
  2499 | D:3      | Reached skill level 9 in Stealth
  2920 | D:3      | Reached XP level 7. HP: 16/33 MP: 8/8
  3589 | D:5      | Reached skill level 10 in Stealth
  3591 | D:5      | Noticed Grinder
  3772 | D:5      | Found a basalt altar of Yredelemnul.
  3895 | D:5      | Noticed Edmund
  4406 | D:5      | Reached XP level 8. HP: 37/37 MP: 9/9
  4634 | D:6      | Reached skill level 5 in Short Blades
  4641 | D:6      | Reached skill level 11 in Stealth
  5217 | D:8      | Noticed a two-headed ogre
  5451 | D:7      | Reached skill level 10 in Dodging
  5451 | D:7      | Reached skill level 12 in Stealth
  5690 | D:6      | Killed from afar by an orc priest

Levels and vault maps discovered:
D:1:      ebering_trefoil_3fold, layout_rooms, minmay_misc_feat_five,
          tso_metal_star
D:2:      layout_loops_ring, corexii_hall_statues_u, uniq_natasha, uniq_jessica
D:3:      cheibrodos_thug_alley, layout_basic, nrook_loot_triangle
D:4:      layout_basic, first_ration
D:5:      layout_loops_ring, nicolae_overflow_crystal_walls, uniq_edmund,
          uniq_grinder
D:6:      layout_basic
D:7:      layout_basic, minmay_temple_entry_sparse_star
D:8:      layout_rooms

Skill      XL: |  1  2  3  4  5  6  7  8 |
---------------+-------------------------+-----
Dodging        | 2 3 5 6 8 10 | 10.0
Stealth        | 6 7 8 9 10 12 | 12.0
Short Blades   | 3 4 5 |  5.7
Fighting       | |  1.5
Throwing       | |  2.0

Action                   |  1- 3 |  4- 6 |  7- 9 || total
-------------------------+-------+-------+-------++-------
Melee: Dagger            |    54 |   117 |   175 ||   346
Throw: Dart              |    29 |   113 |    60 ||   202
Evoke: Wand              |       |       |    16 ||    16
  Use: Scroll            |     6 |     6 |     4 ||    16
 Stab: Sleeping          |     8 |     8 |    15 ||    31
       Confused          |       |       |     1 ||     1
  Eat: Ration            |       |       |     2 ||     2
Armor: Robe              |     2 |     8 |     5 ||    15
Dodge: Dodged            |    51 |    91 |   165 ||   307
